[Event "Sunday 28 January Rapid Engine Tour 12+1 Rounds 9 Starts 1600 ST"]
[Site "Infinity Chess"]
[Date "2018.1.28"]
[Round "6"]
[White "Gilgamesch"]
[Black "Eman"]
[Result "1/2-1/2"]
[ECO "C55"]
[WhiteElo "2465"]
[BlackElo "2478"]
[WhiteEngine "BrainFish_171005_x64_bmi2"]
[BlackEngine "Eman 1.68c 64-bit POPCNT"]
[EventType "Swiss"]
[WhiteTeam ""]
[BlackTeam ""]
[PlyCount "115"]
[TimeControl "720+1"]

1. e4 e5 2. Nf3 Nc6 3. Bc4 Nf6 4. d3 Bc5 5. c3 a5 6. Bb3 O-O 7. Nbd2 d6 8. a4 h6 
9. O-O Ne7 10. Re1 c6 11. Nf1 Ng6 12. h3 Qb6 13. d4 exd4 14. cxd4 Bb4 15. Bd2 d5 
16. Bxb4 Qxb4 17. e5 Ne4 18. Bc2 Bf5 19. Ne3 Be6 20. Nf1 Bf5 21. Ng3 Nxg3 
22. fxg3 Bxc2 23. Qxc2 Qc4 24. Qd2 Rfb8 25. Rec1 Qb3 26. Kh2 Re8 27. Rc3 Qb4 
28. Raa3 Qb6 29. Rab3 Qc7 30. Rc1 Re6 31. Ne1 f6 32. Nd3 fxe5 33. Nc5 Ree8 
34. Rxb7 Qd6 35. Qd1 Rab8 36. Qg4 exd4 37. Rxb8 Rxb8 38. Ne6 Kh7 39. h4 Qe5 
40. h5 Nf8 41. Nxd4 Qe4 42. Qf5+ Qxf5 43. Nxf5 g6 44. Ne7 gxh5 45. Rxc6 d4 
46. Nf5 Ng6 47. Nxd4 Rxb2 48. Nf5 Rb4 49. g4 hxg4 50. Rc7+ Kh8 51. Nxh6 Rxa4 
52. Ra7 Ne5 53. Kg3 Ra2 54. Nxg4 Nxg4 55. Kxg4 a4 56. g3 a3 57. Kg5 Kg8 58. Kg6 
1/2-1/2

[Event "Sunday 28 January Rapid Engine Tour 12+1 Rounds 9 Starts 1600 ST"]
[Site "Infinity Chess"]
[Date "2018.1.28"]
[Round "6"]
[White "fati64"]
[Black "KRAKEN"]
[Result "1/2-1/2"]
[ECO "C77"]
[WhiteElo "2484"]
[BlackElo "2491"]
[WhiteEngine "S_XPrO.220118.x64.POPNT"]
[BlackEngine "Raubfisch X37b4a_CTG"]
[EventType "Swiss"]
[WhiteTeam ""]
[BlackTeam ""]
[PlyCount "347"]
[TimeControl "720+1"]

1. e4 e5 2. Nf3 Nc6 3. Bb5 a6 4. Ba4 Nf6 5. d3 Bc5 6. c3 d6 7. O-O O-O 8. Bg5 h6 
9. Bh4 g5 10. Bg3 Ba7 11. Nbd2 Ne7 12. Bb3 Nh5 13. Nxe5 Nxg3 14. Nxf7 Rxf7 
15. Bxf7+ Kxf7 16. hxg3 Kg7 17. a4 Ng6 18. b4 Bd7 19. d4 g4 20. b5 Qg5 
21. bxa6 bxa6 22. Qe2 a5 23. Rab1 Bc6 24. Qc4 Ne7 25. f4 gxf3 26. Rxf3 Rf8 
27. Rbf1 Rxf3 28. Nxf3 Qxg3 29. Nh4 Qxh4 30. Rf7+ Kg8 31. Qe6 Qxe4 32. Qxe4 Kxf7 
33. Qh7+ Ke8 34. Qxh6 Bb6 35. Qh5+ Kd7 36. Qg4+ Kd8 37. Qd1 Bd5 38. Qb1 Bc6 
39. Qc2 Bd5 40. g4 Be6 41. g5 Bf5 42. Qb3 d5 43. Qb5 Bd7 44. Qb3 Bf5 45. Kg2 Kd7 
46. Qb5+ Kd6 47. Kg3 Bg6 48. Kf2 Bf5 49. Kf3 Bg6 50. Kg4 Nf5 51. Qb3 Ke6 
52. Qb5 Kd6 53. Qb2 Ne7 54. Kg3 Be4 55. Kh4 Ke6 56. Kh3 Bf3 57. Kh4 Be4 
58. Qb5 Bg6 59. Kg4 Bf5+ 60. Kf3 Be4+ 61. Ke2 Bf5 62. Qe8 Kd6 63. Qd8+ Ke6 
64. Kd2 Bg6 65. Ke2 Bc2 66. Kd2 Bg6 67. Ke3 Be4 68. Qf8 Bc2 69. Qe8 Bh7 
70. Kf4 Be4 71. Ke3 Bh7 72. Kf3 Bg6 73. Qd8 Be4+ 74. Ke2 Ng6 75. Qa8 Ne7 
76. Qd8 Kf7 77. Qd7 Bc2 78. Qb5 Bf5 79. Kd2 Ke6 80. Qb2 Kd6 81. Ke1 Ke6 
82. Qb5 Kd6 83. Qb2 Kd7 84. Qb5+ Kd6 85. Kf2 Be4 86. Ke3 Bf5 87. Qe8 c6 
88. Qf8 Bc7 89. Kd2 Kd7 90. Kc1 Bd3 91. Kb2 Be4 92. Qg7 Bd3 93. Qf6 Bd6 
94. Qf7 Bg6 95. Qg7 Bc7 96. Qh8 Bf4 97. Kb3 Bf5 98. Qa8 Bc7 99. Qb7 Ng6 
100. Qa8 Be6 101. Kb2 Bf7 102. Kb3 Be6 103. Qa7 Bf7 104. Qa6 Nf4 105. Qf1 Bg6 
106. Qh1 Bh5 107. Ka2 Bd6 108. Qb1 Bg6 109. Qf1 Bc7 110. Qf2 Bd6 111. Kb3 Bh5 
112. Qd2 Bg6 113. Qf2 Bf7 114. Qg3 Bg6 115. Qf3 Bc7 116. Qf2 Bd6 117. Qh2 Bh5 
118. Qh4 Bd1+ 119. Ka2 Bh5 120. Qh1 Bc7 121. Kb3 Bd8 122. Qh4 Bc7 123. c4 dxc4+ 
124. Kxc4 Bf7+ 125. Kc3 Nd5+ 126. Kb3 Bg6 127. Qe1 Nf4 128. Kc3 Bd6 
129. Qh4 Nd5+ 130. Kb3 Bb4 131. Qh3+ Kd8 132. Kb2 Kc7 133. Qe6 Ne7 134. Qe5+ Kb6 
135. Qb8+ Ka6 136. Qa8+ Kb6 137. Qd8+ Kb7 138. Kc1 Bf5 139. Kb2 Ka6 
140. Kb3 Be6+ 141. Kc2 Ka7 142. Qc7+ Ka6 143. Kd3 Bf5+ 144. Ke2 Bg4+ 
145. Kd3 Bf5+ 146. Ke2 Bh7 147. Qd7 Bf5 148. Qe8 Kb6 149. Qd8+ Kb7 150. Kd1 Bd3 
151. Kc1 Bf5 152. Kd1 Bg4+ 153. Kc2 Bf5+ 154. Kc1 Be4 155. Qe8 Kc7 156. Kd1 Bf5 
157. Qh5 Kb7 158. Qe2 Kb6 159. Qe5 Bg6 160. Qe3 Kc7 161. Kc1 Bf5 162. Qg3+ Kd7 
163. Kb2 Bd6 164. Qb3 Bc7 165. Qf7 Bg6 166. Qc4 Nd5 167. Qf1 Ne7 168. Qd1 Nd5 
169. Qg4+ Kd6 170. Kc1 Ke7 171. Qc8 Bf4+ 172. Kb2 Bc7 173. Qh3 Bf4 174. Qf1 
1/2-1/2

[Event "Sunday 28 January Rapid Engine Tour 12+1 Rounds 9 Starts 1600 ST"]
[Site "Infinity Chess"]
[Date "2018.1.28"]
[Round "6"]
[White "hafaba"]
[Black "Neoxium"]
[Result "1/2-1/2 "]
[ECO "A13"]
[WhiteElo "2470"]
[BlackElo "2498"]
[WhiteEngine "SF SL FA 26012018 POPCNT_CTG"]
[BlackEngine "SF SL FA-IDeA"]
[EventType "Swiss"]
[WhiteTeam ""]
[BlackTeam ""]
[PlyCount "186"]
[TimeControl "720+1"]

1. c4 e6 2. d4 Nf6 3. Nf3 a6 4. Bf4 c5 5. d5 d6 6. Nc3 exd5 7. Nxd5 Nxd5 
8. cxd5 g6 9. e3 Bg7 10. Qa4+ Qd7 11. Qb3 Qe7 12. a4 Nd7 13. Be2 Rb8 14. Nd2 O-O 
15. Nc4 Ne5 16. Bxe5 Bxe5 17. Nxe5 Qxe5 18. a5 Re8 19. O-O Bf5 20. Bc4 h5 
21. Rae1 h4 22. h3 Kg7 23. Re2 Qf6 24. f3 Qd8 25. Ra1 Bd7 26. Qc3+ Qf6 
27. Qb3 Qd8 28. Qc3+ Qf6 29. e4 b5 30. axb6 Rxb6 31. Rxa6 Qxc3 32. bxc3 Rxa6 
33. Bxa6 Ra8 34. Bb7 Rb8 35. Bc6 Bxc6 36. dxc6 Rc8 37. Kf2 Rxc6 38. e5 Ra6 
39. exd6 Rxd6 40. Re5 Kf6 41. Rxc5 Rd2+ 42. Kf1 g5 43. Kg1 Rc2 44. Rc6+ Ke5 
45. Rc5+ Kf6 46. Rc6+ Ke5 47. c4 Kf4 48. Kh2 Ke5 49. Kg1 Kf4 50. Kh2 Kf5 
51. Kh1 Ke5 52. Rc7 f5 53. Kh2 Kf4 54. Rc6 Ke5 55. Rc5+ Kf4 56. Rc7 Rc1 
57. Rc8 Ke5 58. Rc7 f4 59. Rc5+ Kf6 60. Rc6+ Ke5 61. Rc7 Rc2 62. Kg1 Kf6 
63. c5 Rc1+ 64. Kf2 Rc2+ 65. Kf1 Rc1+ 66. Ke2 Rc2+ 67. Kd3 Rxg2 68. c6 Rg1 
69. Ra7 Ke5 70. Rh7 Ke6 71. Rh6+ Kd5 72. Rg6 Rc1 73. Rxg5+ Kxc6 74. Rg4 Kd5 
75. Rxf4 Rd1+ 76. Ke2 Ra1 77. Rxh4 Ra2+ 78. Ke3 Ke6 79. Kf4 Kf6 80. Rh6+ Kg7 
81. Rc6 Rg2 82. h4 Rg1 83. Ra6 Rb1 84. Kf5 Rc1 85. Kf4 Rb1 86. h5 Rh1 
87. h6+ Kh8 88. Rd6 Rg1 89. Ke5 Kg8 90. Kf5 Kh7 91. Kf4 Rg8 92. Ke5 Rg1 
93. Kf5 Rg3 1/2-1/2

[Event "Sunday 28 January Rapid Engine Tour 12+1 Rounds 9 Starts 1600 ST"]
[Site "Infinity Chess"]
[Date "2018.1.28"]
[Round "6"]
[White "Murx"]
[Black "tris77"]
[Result "1/2-1/2"]
[ECO "A20"]
[WhiteElo "2541"]
[BlackElo "2363"]
[WhiteEngine "BrainFish_180113_x64_modern"]
[BlackEngine "stockfish_18012416_x64_modern_CTG"]
[EventType "Swiss"]
[WhiteTeam ""]
[BlackTeam ""]
[PlyCount "91"]
[TimeControl "720+1"]

1. c4 e5 2. g3 Nf6 3. Bg2 d5 4. cxd5 Nxd5 5. Nc3 Nb6 6. e3 Nc6 7. Nge2 Bb4 
8. O-O O-O 9. f4 Bg4 10. h3 Bf5 11. Ne4 f6 12. g4 Be6 13. b3 a5 14. f5 Bf7 
15. a3 Be7 16. N2c3 Nb8 17. d4 N8d7 18. d5 Nc5 19. Nxc5 Bxc5 20. Qc2 Bd6 
21. Bb2 Qe7 22. Rfd1 Rfd8 23. Rd3 Rac8 24. Ne4 a4 25. bxa4 Nxd5 26. Rb1 Qf8 
27. Nxd6 Rxd6 28. a5 Qe7 29. Bf1 Rd7 30. e4 Nf4 31. Rxd7 Qxd7 32. g5 Ba2 
33. Ra1 Bf7 34. Rb1 Ba2 35. Re1 Bf7 36. Kh2 Rd8 37. Bc3 Qc6 38. Rc1 Qc5 
39. gxf6 gxf6 40. Bb4 Qe3 41. Re1 Qf3 42. Qxc7 Qf2+ 43. Kh1 Qf3+ 44. Kh2 Qf2+ 
45. Kh1 Qf3+ 46. Kh2 1/2-1/2

[Event "Sunday 28 January Rapid Engine Tour 12+1 Rounds 9 Starts 1600 ST"]
[Site "Infinity Chess"]
[Date "2018.1.28"]
[Round "5"]
[White "SkyPilot"]
[Black "Dovahkiin"]
[Result "1/2-1/2"]
[ECO "C53"]
[WhiteElo "2493"]
[BlackElo "2400"]
[WhiteEngine "stockfish_x64_bmi2_2018_01_13_CTG"]
[BlackEngine "BrainFish_180113_x64_modern_CTG"]
[EventType "Swiss"]
[WhiteTeam ""]
[BlackTeam ""]
[PlyCount "160"]
[TimeControl "720+1"]

1. e4 e5 2. Nf3 Nc6 3. Bc4 Bc5 4. c3 Nf6 5. d3 d6 6. O-O a5 7. Re1 O-O 
8. Nbd2 h6 9. h3 Be6 10. Bb5 Qb8 11. Nf1 Qa7 12. Re2 a4 13. Ng3 Qa5 
14. Bxc6 bxc6 15. Nh4 Rfe8 16. Re1 d5 17. exd5 cxd5 18. Rxe5 Bf8 19. Qc2 c5 
20. Bd2 Nd7 21. Re2 c4 22. d4 a3 23. bxa3 Qxa3 24. Nf3 Reb8 25. Be3 Qa4 
26. Qd2 Ra6 27. Bf4 Rb7 28. Ne5 Nf6 29. f3 Rab6 30. Ng4 Nxg4 31. fxg4 Qa5 
32. Qe1 Bd7 33. Nh5 Qa3 34. Be5 Kh7 35. Kh2 Kg8 36. Kh1 f6 37. Bg3 Rb2 
38. Rxb2 Rxb2 39. Nf4 Bd6 40. Nxd5 Bxg3 41. Qxg3 Bc6 42. Nf4 Qd6 43. Rg1 Kf7 
44. a4 g5 45. Ne2 Qxg3 46. Nxg3 Rc2 47. Nf5 Rxc3 48. Kh2 Bxa4 49. Re1 Rd3 
50. Re7+ Kf8 51. Ra7 Bb3 52. Rb7 Ke8 53. Nd6+ Kf8 54. Nf5 Ke8 55. Nd6+ Kf8 
56. Rf7+ Kg8 57. Rb7 Bc2 58. Rb8+ Kh7 59. Rb7+ Kg8 60. Nxc4 Rxd4 61. Ne3 Be4 
62. Rb6 Kf7 63. Ra6 Rd3 64. Nf1 Bd5 65. Rb6 Ra3 66. Rb2 Ra2 67. Rxa2 Bxa2 
68. Ne3 Be6 69. Kg3 Kg6 70. Kf3 Bf7 71. Kg3 Be6 72. Kf2 Bf7 73. g3 Be6 
74. Kf3 Bf7 75. Kg2 Be6 76. Kf3 Bd7 77. Kf2 Be6 78. h4 h5 79. gxh5+ Kxh5 
80. hxg5 Kxg5 1/2-1/2

[Event "Sunday 28 January Rapid Engine Tour 12+1 Rounds 9 Starts 1600 ST"]
[Site "Infinity Chess"]
[Date "2018.1.28"]
[Round "5"]
[White "Thinker"]
[Black "angriff"]
[Result "1-0"]
[ECO "B00"]
[WhiteElo "2415"]
[BlackElo "2420"]
[WhiteEngine "BrainFish_180124_x64_modern_CTG"]
[BlackEngine "Stockfish SL FA POPCNT_CTG"]
[EventType "Swiss"]
[WhiteTeam ""]
[BlackTeam ""]
[PlyCount "181"]
[TimeControl "720+1"]

1. e4 Nc6 2. Nf3 e5 3. Bc4 Nf6 4. d3 Bc5 5. c3 d6 6. O-O a5 7. h3 O-O 
8. Nbd2 Be6 9. Bb5 Qc8 10. Re1 Bxh3 11. gxh3 Qxh3 12. Nf1 Qg4+ 13. Kh1 Bxf2 
14. N1h2 Qh5 15. Re2 Ng4 16. Qc2 Bb6 17. Rg2 f5 18. Qe2 Kh8 19. Bd2 fxe4 
20. dxe4 Nxh2 21. Nxh2 Qxe2 22. Bxe2 Ne7 23. Nf3 h6 24. Rh2 Rae8 25. Nh4 Kg8 
26. Bg4 Rf6 27. Nf5 Nxf5 28. exf5 Ref8 29. Re2 Bc5 30. a4 Rb8 31. Kg2 c6 
32. Rh1 Rd8 33. Kf3 Rdf8 34. b3 Rg6 35. c4 b6 36. Bh3 Rgf6 37. Ke4 d5+ 
38. cxd5 cxd5+ 39. Kxd5 Rd6+ 40. Kc4 Ba3 41. f6 Rfxf6 42. Be3 Rc6+ 43. Kd5 Rc3 
44. Be6+ Kf8 45. Kxe5 Bb2 46. Bd4 Rc5+ 47. Bd5 Rc7 48. Rxb2 Re7+ 49. Be6 Rexe6+ 
50. Kd5 Rd6+ 51. Ke4 Rg6 52. Rf1+ Kg8 53. Rbf2 Kh7 54. Rf5 Rg2 55. R1f3 Re2+ 
56. Kd3 Rg2 57. R3f4 Rg1 58. Rf7 Rg5 59. Rb7 Rg3+ 60. Kc4 Rc6+ 61. Kb5 Rd6 
62. b4 Rg5+ 63. Ka6 axb4 64. Rxb6 Rd7 65. Rxb4 Re7 66. Bb6 Rg2 67. a5 Ra2 
68. Rfc4 h5 69. Kb5 Re5+ 70. Bc5 Re8 71. a6 Rb8+ 72. Bb6 Kg6 73. Ra4 Rb2+ 
74. Rcb4 Re2 75. a7 Ra8 76. Kc6 Re7 77. Rc4 Rc8+ 78. Kd6 Rxc4 79. Rxc4 Re8 
80. Kc6 Kh6 81. Kb7 Kg6 82. Rc8 Rxc8 83. Kxc8 Kf5 84. a8=Q Kf4 85. Qg2 g5 
86. Kd7 Ke5 87. Ke7 Kf5 88. Qf3+ Kg6 89. Qf6+ Kh7 90. Bd4 g4 91. Qg7# 1-0

[Event "Sunday 28 January Rapid Engine Tour 12+1 Rounds 9 Starts 1600 ST"]
[Site "Infinity Chess"]
[Date "2018.1.28"]
[Round "5"]
[White "MarioDeMonti"]
[Black "Cepri"]
[Result "1/2-1/2"]
[ECO "C55"]
[WhiteElo "2461"]
[BlackElo "2418"]
[WhiteEngine "stockfish_x64_bmi2_2018_01_13_CTG"]
[BlackEngine "asmFishW_07N17_CTG"]
[EventType "Swiss"]
[WhiteTeam ""]
[BlackTeam ""]
[PlyCount "49"]
[TimeControl "720+1"]

1. e4 e5 2. Nf3 Nc6 3. Bc4 Nf6 4. d3 Bc5 5. c3 d6 6. O-O a5 7. Re1 O-O 8. h3 h6 
9. Nbd2 Be6 10. Bb5 Qb8 11. Nf1 Qa7 12. Re2 a4 13. Ng3 Qa5 14. Bxc6 bxc6 
15. Nh4 Rfe8 16. Re1 d5 17. exd5 cxd5 18. Rxe5 Bf8 19. Qc2 c5 20. Bd2 c4 
21. dxc4 Nd7 22. Rh5 Nf6 23. Re5 Nd7 24. Rh5 Nf6 25. Re5 1/2-1/2

[Event "Sunday 28 January Rapid Engine Tour 12+1 Rounds 9 Starts 1600 ST"]
[Site "Infinity Chess"]
[Date "2018.1.28"]
[Round "5"]
[White "star99"]
[Black "KillBill2017"]
[Result "1/2-1/2"]
[ECO "C55"]
[WhiteElo "2360"]
[BlackElo "2337"]
[WhiteEngine "Cryptic AIL V2"]
[BlackEngine "Raubfisch ME262_GTZ16b4_CTG"]
[EventType "Swiss"]
[WhiteTeam ""]
[BlackTeam ""]
[PlyCount "42"]
[TimeControl "720+1"]

1. e4 e5 2. Nf3 Nc6 3. Bc4 Nf6 4. d3 Bc5 5. c3 O-O 6. O-O d6 7. h3 a6 8. a4 h6 
9. b4 Ba7 10. Re1 Ne7 11. Nbd2 Ng6 12. d4 Re8 13. Bb2 d5 14. exd5 e4 15. Nh2 Nf4 
16. Nhf1 Bxh3 17. gxh3 Nxh3+ 18. Kg2 Nf4+ 19. Kg1 Nh3+ 20. Kg2 Nf4+ 21. Kg1 Nh3+ 
1/2-1/2

[Event "Sunday 28 January Rapid Engine Tour 12+1 Rounds 9 Starts 1600 ST"]
[Site "Infinity Chess"]
[Date "2018.1.28"]
[Round "5"]
[White "tris77"]
[Black "Satria_Ungu"]
[Result "1-0"]
[ECO "C41"]
[WhiteElo "2346"]
[BlackElo "2381"]
[WhiteEngine "stockfish_18012416_x64_modern_CTG"]
[BlackEngine "Houdini 6_CTG"]
[EventType "Swiss"]
[WhiteTeam ""]
[BlackTeam ""]
[PlyCount "165"]
[TimeControl "720+1"]

1. e4 e5 2. Nf3 d6 3. d4 Nd7 4. Nc3 Ngf6 5. Bc4 Be7 6. O-O c6 7. a4 O-O 
8. Re1 exd4 9. Nxd4 Ne5 10. Bb3 c5 11. Nde2 a6 12. Nf4 Rb8 13. Qe2 Re8 
14. Nfd5 Be6 15. a5 Nxd5 16. Nxd5 Bh4 17. Bf4 Ng6 18. Bd2 Bf6 19. Ba4 Rf8 
20. Nxf6+ Qxf6 21. Qe3 Rbd8 22. Qg3 h6 23. b4 Bd7 24. Bb3 Rc8 25. bxc5 Rxc5 
26. f4 Re8 27. f5 Ne5 28. Rad1 Bb5 29. Bb4 Rc6 30. c3 Bc4 31. Ba4 b5 
32. axb6 Bb5 33. Bxb5 axb5 34. b7 Rb8 35. Rd5 Rxb7 36. Bxd6 Rxd6 37. Qxe5 Qxe5 
38. Rxe5 b4 39. Re8+ Kh7 40. Ra1 g6 41. e5 Rd5 42. c4 Rdd7 43. f6 g5 44. h3 Ra7 
45. Rxa7 Rxa7 46. Kf2 b3 47. Rb8 Ra5 48. Ke3 Rxe5+ 49. Kd4 Re2 50. Rxb3 Kg6 
51. c5 Kxf6 52. g4 Rf2 53. Re3 Rc2 54. Kd5 Rd2+ 55. Kc4 Rc2+ 56. Kb5 h5 
57. gxh5 Kg7 58. c6 f5 59. Re5 Rb2+ 60. Ka6 Rc2 61. Kb6 f4 62. Rxg5+ Kh7 
63. Rf5 Rb2+ 64. Ka6 Rc2 65. Kb7 Rb2+ 66. Kc8 Rf2 67. c7 f3 68. Rb5 Rc2 
69. Kb8 f2 70. Rb1 f1=R 71. Rxf1 Rb2+ 72. Kc8 Kh6 73. Rf5 Rb3 74. Kd7 Rd3+ 
75. Kc6 Rc3+ 76. Rc5 Rf3 77. c8=Q Rf6+ 78. Kb5 Kg7 79. Qe8 Rd6 80. Qe7+ Kh6 
81. Qxd6+ Kg7 82. Rc7+ Kh8 83. Qd8# 1-0

[Event "Sunday 28 January Rapid Engine Tour 12+1 Rounds 9 Starts 1600 ST"]
[Site "Infinity Chess"]
[Date "2018.1.28"]
[Round "5"]
[White "ocirema"]
[Black "BraveDevil"]
[Result "1/2-1/2"]
[ECO "C65"]
[WhiteElo "2431"]
[BlackElo "2451"]
[WhiteEngine "stockfish_18012314_x64_modern_CTG"]
[BlackEngine "Cryptic AIL V2"]
[EventType "Swiss"]
[WhiteTeam ""]
[BlackTeam ""]
[PlyCount "166"]
[TimeControl "720+1"]

1. e4 e5 2. Nf3 Nc6 3. Bb5 Nf6 4. O-O Nxe4 5. d4 Nd6 6. Bxc6 dxc6 7. dxe5 Nf5 
8. Qxd8+ Kxd8 9. Rd1+ Ke8 10. Nc3 Be7 11. Bg5 Bxg5 12. Nxg5 h6 13. Nf3 Be6 
14. a3 Rd8 15. h3 Ne7 16. Na4 Ng6 17. Nc5 Bc8 18. b4 Ke7 19. Nb3 Rxd1+ 
20. Rxd1 Rd8 21. Rxd8 Kxd8 22. Kh2 h5 23. Kg3 Ke7 24. Nbd4 Bd7 25. c3 Be6 
26. a4 Bd7 27. a5 b6 28. a6 f5 29. exf6+ Kxf6 30. Nd2 h4+ 31. Kf3 Ne7 32. c4 Bc8 
33. Ke3 Bxa6 34. Ne4+ Kf7 35. Kd3 Nd5 36. Nxc6 Nf4+ 37. Ke3 Nxg2+ 38. Kf3 Ne1+ 
39. Ke2 Nc2 40. b5 Bc8 41. Ne5+ Ke6 42. Nf3 Bb7 43. Kd3 Na3 44. Ned2 Nb1 
45. Nd4+ Ke5 46. N2f3+ Kf4 47. Nxh4 Be4+ 48. Ke2 Na3 49. Ne6+ Ke5 50. Nxg7 Nxc4 
51. f3 Bb7 52. f4+ Kxf4 53. Ne6+ Ke5 54. Nxc7 Na3 55. Ng6+ Kd6 56. Ne8+ Kd7 
57. Nf6+ Ke6 58. Ng4 Nxb5 59. Kd3 Nd6 60. Nf4+ Kf5 61. Ne2 Be4+ 62. Kd4 Bc6 
63. Ne3+ Kf6 64. Nc3 Ke6 65. h4 Be8 66. Ncd5 Nb5+ 67. Kc4 Ke5 68. Ng4+ Ke6 
69. Nge3 Ke5 70. Ng4+ Kf5 71. Nge3+ Kg6 72. Kd3 Nd6 73. Kd4 Bd7 74. Ke5 Nf7+ 
75. Kd4 Nd8 76. Nc4 Nc6+ 77. Ke4 Bf5+ 78. Kf4 Be6 79. Ncxb6 axb6 80. h5+ Kxh5 
81. Nxb6 Kg6 82. Na4 Kf6 83. Nb2 Bh3 1/2-1/2

[Event "Sunday 28 January Rapid Engine Tour 12+1 Rounds 9 Starts 1600 ST"]
[Site "Infinity Chess"]
[Date "2018.1.28"]
[Round "5"]
[White "RonWeasley"]
[Black "Susanne"]
[Result "1/2-1/2"]
[ECO "B32"]
[WhiteElo "2461"]
[BlackElo "2456"]
[WhiteEngine "BrainFish 060118_CTG"]
[BlackEngine "asmfish-bmi2-012118-W_CTG"]
[EventType "Swiss"]
[WhiteTeam ""]
[BlackTeam ""]
[PlyCount "118"]
[TimeControl "720+1"]

1. e4 c5 2. Nf3 Nc6 3. d4 cxd4 4. Nxd4 e5 5. Nb5 d6 6. N1c3 a6 7. Na3 b5 
8. Nd5 Nf6 9. c3 Be7 10. Nxf6+ Bxf6 11. Nc2 O-O 12. Bd3 Be6 13. O-O Qd7 
14. Qe2 Rfd8 15. Rd1 Ne7 16. a4 bxa4 17. Ne3 Bg5 18. Bc2 Qb7 19. Rxa4 a5 
20. Ra3 a4 21. Qd3 Bxe3 22. Bxe3 Qxb2 23. Rxa4 h6 24. h3 Rxa4 25. Bxa4 Ra8 
26. Bb5 d5 27. Bc5 dxe4 28. Qxe4 Ra1 29. Rxa1 Qxa1+ 30. Kh2 Ng6 31. Bc4 Qa4 
32. Bb4 Bxc4 33. Qxc4 Qd7 34. Qc5 f6 35. g3 Qd3 36. c4 h5 37. h4 f5 38. Qc6 f4 
39. Kg2 Kh7 40. Qd5 Qc2 41. Kf1 fxg3 42. fxg3 Qb1+ 43. Be1 Qc2 44. c5 Qf5+ 
45. Kg2 Ne7 46. Qf3 Qg6 47. Kf2 e4 48. Qf4 Qe6 49. Qg5 Qf7+ 50. Kg1 Nf5 
51. Bc3 Qd5 52. Qxh5+ Kg8 53. Kh2 e3 54. g4 Qxc5 55. gxf5 Qxc3 56. Qe8+ Kh7 
57. Qh5+ Kg8 58. Qe8+ Kh7 59. Qh5+ Kg8 1/2-1/2

[Event "Sunday 28 January Rapid Engine Tour 12+1 Rounds 9 Starts 1600 ST"]
[Site "Infinity Chess"]
[Date "2018.1.28"]
[Round "5"]
[White "KhalidOmar"]
[Black "Gilgamesch"]
[Result "1/2-1/2"]
[ECO "D31"]
[WhiteElo "2457"]
[BlackElo "2465"]
[WhiteEngine "Eman 1.68c 64-bit BMI2"]
[BlackEngine "BrainFish_171005_x64_bmi2"]
[EventType "Swiss"]
[WhiteTeam ""]
[BlackTeam ""]
[PlyCount "126"]
[TimeControl "720+1"]

1. d4 d5 2. c4 e6 3. Nc3 c6 4. Nf3 Nf6 5. e3 Nbd7 6. Qc2 Bd6 7. Bd3 dxc4 
8. Bxc4 a6 9. O-O O-O 10. Rd1 b5 11. Bd3 Bb7 12. Ng5 h6 13. Nge4 Bc7 14. a3 Qe7 
15. b4 a5 16. Rb1 axb4 17. axb4 Rfd8 18. f4 Nd5 19. Nc5 Bc8 20. Rf1 Nxc5 
21. dxc5 Ra6 22. Nxd5 exd5 23. Rf3 f6 24. Bb2 Be6 25. Re1 Ra7 26. Qf2 Ra4 
27. Qd2 Qd7 28. Bc2 Ra2 29. Bb1 Ra4 30. Bc2 Ra2 31. Bb1 Ra4 32. Rg3 Kf8 
33. Qd4 Qe7 34. Bc3 Ra3 35. Qd2 Ra4 36. Qd3 Bg8 37. Rf3 Qd7 38. h3 d4 
39. Qxd4 Qe6 40. Qe4 Qb3 41. Bxf6 gxf6 42. Qxc6 Qf7 43. Rg3 Rd2 44. Kh2 Rxb4 
45. Ba2 Qxa2 46. Qxc7 Bf7 47. Qc8+ Be8 48. c6 Rbb2 49. Rg1 Qc4 50. c7 Rbc2 
51. Qf5 Ke7 52. Rg7+ Bf7 53. Ra1 Qxc7 54. Qh7 Kd6 55. Ra6+ Kc5 56. Rxf7 Rxg2+ 
57. Kh1 Rh2+ 58. Kg1 Rcg2+ 59. Kf1 Rf2+ 60. Ke1 Re2+ 61. Kf1 Ref2+ 62. Ke1 Re2+ 
63. Kf1 Ref2+ 1/2-1/2

[Event "Sunday 28 January Rapid Engine Tour 12+1 Rounds 9 Starts 1600 ST"]
[Site "Infinity Chess"]
[Date "2018.1.28"]
[Round "5"]
[White "KRAKEN"]
[Black "hafaba"]
[Result "1/2-1/2"]
[ECO "A41"]
[WhiteElo "2492"]
[BlackElo "2469"]
[WhiteEngine "Raubfisch X37b4a_CTG"]
[BlackEngine "SF SL FA 26012018 POPCNT_CTG"]
[EventType "Swiss"]
[WhiteTeam ""]
[BlackTeam ""]
[PlyCount "173"]
[TimeControl "720+1"]

1. d4 d6 2. Nf3 Nf6 3. c4 e6 4. Nc3 d5 5. Qc2 c6 6. Bd2 dxc4 7. e3 b5 8. a4 Bd7 
9. Ne5 a5 10. g3 Be7 11. Bg2 Ra6 12. O-O O-O 13. Ne4 Be8 14. Nxf6+ Bxf6 
15. Rfd1 Be7 16. Be4 h6 17. Rac1 Qc8 18. b3 Nd7 19. bxc4 b4 20. Nxd7 Qxd7 
21. c5 Ra8 22. f4 f5 23. Bf3 g5 24. Be1 Bg6 25. h3 Bf6 26. Rb1 Qe8 27. Qg2 Rc8 
28. Qe2 Rc7 29. Qa6 Qa8 30. Qc4 Qc8 31. Rd2 Kh8 32. Rbb2 Rg8 33. Rg2 Rcg7 
34. Rbd2 h5 35. Qd3 g4 36. Bd1 Rh7 37. h4 Re7 38. Bb3 Rge8 39. Qc4 Rc7 
40. Rge2 Bf7 41. Qd3 Bg6 42. Qc4 Rb7 43. Rb2 Kh7 44. Red2 Bf7 45. Qa6 Rb8 
46. Qe2 Kg7 47. Bf2 Qb7 48. Kg2 Qc7 49. Kf1 Rf8 50. Kg1 Rfe8 51. Kg2 Bg6 
52. Kf1 Kg8 53. Qc4 Rbd8 54. Qd3 Kh8 55. Qe2 Kg7 56. Qa6 Re7 57. Qe2 Kh6 
58. Qa6 Kh7 59. Re2 Kh8 60. Red2 Ree8 61. Kg2 Ra8 62. Qe2 Rab8 63. Rd1 Rb7 
64. Rbb1 Kg8 65. Qd3 Ra7 66. Qe2 Kh8 67. Bc4 Rb7 68. Rd2 Rbb8 69. Bb3 Kg8 
70. Rh1 Qh7 71. Rdd1 Qc7 72. Bc4 Rb7 73. Rhg1 Ra7 74. Rgf1 Kg7 75. Rfe1 Qe7 
76. Rh1 Rh8 77. Rde1 Rd8 78. Bb3 Kg8 79. Reg1 Re8 80. Rb1 Qd7 81. Rhd1 Qg7 
82. Qd3 Qc7 83. Bc4 Kh8 84. Qe2 Rb7 85. Qd2 Rd8 86. Qb2 Qe7 87. Kh2 1/2-1/2

[Event "Sunday 28 January Rapid Engine Tour 12+1 Rounds 9 Starts 1600 ST"]
[Site "Infinity Chess"]
[Date "2018.1.28"]
[Round "5"]
[White "Eman"]
[Black "Neoxium"]
[Result "1/2-1/2"]
[ECO "C65"]
[WhiteElo "2477"]
[BlackElo "2499"]
[WhiteEngine "Eman 1.68c 64-bit POPCNT"]
[BlackEngine "SF SL FA-IDeA"]
[EventType "Swiss"]
[WhiteTeam ""]
[BlackTeam ""]
[PlyCount "134"]
[TimeControl "720+1"]

1. e4 e5 2. Nf3 Nc6 3. Bb5 Nf6 4. O-O Nxe4 5. Re1 Nd6 6. Nxe5 Be7 7. Bf1 Nxe5 
8. Rxe5 b6 9. Nc3 Bb7 10. d4 O-O 11. Nd5 Bxd5 12. Rxd5 c6 13. Re5 Bf6 
14. Re1 Re8 15. Bf4 Rxe1 16. Qxe1 Ne8 17. c3 d5 18. Qd2 Nc7 19. g3 Ne6 
20. Be3 c5 21. Rd1 cxd4 22. cxd4 g6 23. h4 h5 24. Bh3 Qd7 25. Rc1 Bg7 
26. Bxe6 Qxe6 27. Rc7 a5 28. Qd3 Rc8 29. Rb7 Rc4 30. Kg2 Rc6 31. b3 Qc8 
32. Qa6 Qe6 33. Rb8+ Kh7 34. Qd3 Rc7 35. Bd2 Qc6 36. Be3 Rc8 37. Rxc8 Qxc8 
38. Bf4 Qg4 39. Be5 Bxe5 40. dxe5 d4 41. a4 Qd7 42. f3 Kg8 43. Kf2 Kg7 
44. f4 Kf8 45. Ke2 Qc6 46. Qxd4 Qc2+ 47. Qd2 Qxb3 48. Qd6+ Kg8 49. Qd8+ Kg7 
50. Qf6+ Kg8 51. f5 Qxa4 52. e6 Qc4+ 53. Kf2 Qc5+ 54. Ke1 Qe3+ 55. Kd1 fxe6 
56. Qxg6+ Kf8 57. Qf6+ Kg8 58. fxe6 Qb3+ 59. Kc1 Qa3+ 60. Kd2 Qb4+ 61. Kc1 Qa3+ 
62. Kb1 Qb4+ 63. Ka1 Qa4+ 64. Kb1 Qb5+ 65. Ka1 Qa4+ 66. Kb1 Qb4+ 67. Ka1 Qa4+ 
1/2-1/2

[Event "Sunday 28 January Rapid Engine Tour 12+1 Rounds 9 Starts 1600 ST"]
[Site "Infinity Chess"]
[Date "2018.1.28"]
[Round "5"]
[White "fati64"]
[Black "Murx"]
[Result "1/2-1/2"]
[ECO "C55"]
[WhiteElo "2481"]
[BlackElo "2544"]
[WhiteEngine "S_XPrO.220118.x64.POPNT"]
[BlackEngine "BrainFish_180113_x64_modern"]
[EventType "Swiss"]
[WhiteTeam ""]
[BlackTeam ""]
[PlyCount "149"]
[TimeControl "720+1"]

1. e4 e5 2. Nf3 Nc6 3. Bc4 Nf6 4. d3 Bc5 5. c3 d6 6. Bg5 h6 7. Bh4 g5 8. Bg3 a6 
9. O-O O-O 10. a4 Ba7 11. Nbd2 Nh7 12. h3 h5 13. Kh1 Kh8 14. b4 g4 15. Nh4 Qf6 
16. Qe2 Qg7 17. Kh2 Ne7 18. f4 Rg8 19. Qe1 gxh3 20. gxh3 Bxh3 21. Kxh3 Qg4+ 
22. Kh2 Ng6 23. Qd1 Nxh4 24. Qxg4 Rxg4 25. Bxf7 exf4 26. Bxf4 Ng2 27. Be6 Rxf4 
28. Kxg2 Be3 29. Nc4 Ng5 30. Rxf4 Bxf4 31. Bf5 Rg8 32. a5 Ne6+ 33. Kf2 Ng7 
34. Kf3 Bg5 35. Bh3 Kh7 36. Rb1 h4 37. b5 Rf8+ 38. Kg2 d5 39. exd5 Nh5 
40. Rf1 Nf4+ 41. Kh2 axb5 42. d6 cxd6 43. Nxd6 Kg7 44. Nxb7 Re8 45. Bg4 Nxd3 
46. a6 Re4 47. Rf7+ Kxf7 48. Nd6+ Ke7 49. Nxe4 Bf4+ 50. Kg1 Bb8 51. Kg2 Nf4+ 
52. Kf3 Nd5 53. Bh3 Ba7 54. Kg4 Nc7 55. Kxh4 Nxa6 56. Kg5 b4 57. cxb4 Nxb4 
58. Kg4 Kf7 59. Kh5 Bb6 60. Bf1 Nd5 61. Be2 Nf4+ 62. Kg4 Nxe2 63. Kf5 Ke7 
64. Ng5 Kd7 65. Ke4 Kc6 66. Ne6 Kb5 67. Kf5 Kb4 68. Nf4 Nc3 69. Nd3+ Kb5 
70. Ke5 Nb1 71. Kf5 Nd2 72. Nc1 Nb1 73. Nd3 Nd2 74. Nc1 Bc5 75. Nd3 1/2-1/2